 Dungeon Crawl Stone Soup version 0.31-a0-1576-ga3383bade6 (webtiles) character file.

Game seed: 13163512443480095442

296 grandjackal the Ruffian (level 6, -1/48 HPs)
             Began as a Demonspawn Gladiator on Jan 4, 2024.
             Slain by a water moccasin (8 damage)
             ... on level 4 of the Dungeon.
             The game lasted 00:03:38 (3215 turns).

grandjackal the Ruffian (Demonspawn Gladiator)      Turns: 3215, Time: 00:03:40

Health: -1/48      AC: 11    Str: 17    XL:     6   Next: 12%
Magic:  6/6        EV: 11    Int: 11    God:
Gold:   225        SH:  0    Dex: 14    Spells: 5/5 levels left

rFire   . .          .
                       - Unarmed
rCold   + . .        (no shield)
rNeg    . . .        q - +3 ring mail {rC+}
rPois   .            n - +2 helmet {Int+3}
rElec   .            (no cloak)
rCorr   .            (no gloves)
SInv    .            (no boots)
Will    .....        (no amulet)
Stlth   +            (no ring)
HPRegen 0.28/turn    (no ring)
MPRegen 0.10/turn

%: no passive effects
@: lethally poisoned (-1 -> -3)
A: claws 2
a: no special abilities


You were on level 4 of the Dungeon.
You visited 1 branch of the dungeon, and saw 4 of its levels.

You collected 225 gold pieces.

Inventory:

Hand Weapons
 a - a +0 war axe
Missiles
 d - a throwing net (quivered)
 e - a javelin
 j - 6 poisoned darts
Armour
 n - a +2 helmet of intelligence (worn)
 q - a +3 ring mail of cold resistance (worn)
Wands
 p - a wand of polymorph (7)
Scrolls
 g - 6 scrolls of identify {unknown}
 h - a scroll of teleportation {unknown}
 m - 2 scrolls of vulnerability {unknown}
 o - a scroll of torment {unknown}
Potions
 b - a potion of magic {unknown}
 c - a potion of heal wounds {unknown}
 f - a potion of lignification {unknown}
 i - 3 potions of might {unknown}
 k - 2 potions of cancellation {unknown}
 l - 2 potions of degeneration {unknown}
 r - a potion of brilliance {unknown}


   Skills:
 + Level 3.9 Fighting
 - Level 2.8 Axes
 - Level 2.0 Throwing
 - Level 3.0 Dodging
 * Level 4.1 Unarmed Combat


You had 5 spell levels left.
You didn't know any spells.
Your spell library contained the following spells:

 Spells                   Type           Power      Damage    Failure   Level
 Summon Small Mammal      Summ           0%         N/A       54%         1
 Lesser Beckoning         Tloc           0%         N/A       69%         2
 Call Canine Familiar     Summ           0%         N/A       89%         3
 Gell's Gravitas          Tloc           0%         N/A       89%         3
 Sigil of Binding         Hex            0%         N/A       89%         3
 Teleport Other           Tloc           0%         N/A       89%         3
 Dimensional Bullseye     Hex/Tloc       0%         N/A       100%        4
 Summon Blazeheart Golem  Fire/Summ      0%         N/A       100%        4
 Dispersal                Tloc           0%         N/A       100%        6


Dungeon Overview and Level Annotations

Branches:
Dungeon (4/15)
 Temple: D:4-7

Altars:

Shops:
D:1 (


Innate Abilities, Weirdness & Mutations

You have very sharp fingernails.


Message History

You feel sick.
You are no longer poisoned.
The water moccasin barely misses you. The water moccasin bites you.
You are poisoned.
The water moccasin poisons you!
You closely miss the water moccasin.
The water moccasin is severely wounded.
You feel very sick. The water moccasin bites you!
You barely miss the water moccasin.
The water moccasin is severely wounded.
You feel very sick. The water moccasin barely misses you.
You scratch the water moccasin.
The water moccasin is severely wounded.
You feel sick.
The water moccasin bites you but does no damage.
You scratch the water moccasin but do no damage.
The water moccasin is severely wounded.
You feel sick.
The water moccasin bites you but does no damage. x2
You miss the water moccasin.
The water moccasin is severely wounded.
You feel sick.
The water moccasin bites you but does no damage.
You scratch the water moccasin but do no damage.
The water moccasin is severely wounded.
You feel sick. The water moccasin barely misses you.
You closely miss the water moccasin.
The water moccasin is severely wounded.
You feel sick. The water moccasin bites you.
* * * LOW HITPOINT WARNING * * *
The water moccasin bites you but does no damage.
Throw: 2 throwing nets
Press: ? - help, Q - select action, (/) - cycle Shift-Dir - straight line, f/p - water moccasin
Aim: a water moccasin (severely wounded, 38% to hit)
You throw a throwing net.
The throwing net closely misses the water moccasin.
You feel sick. The water moccasin bites you!
You die...

....#.# #.# ##..#.#
#.#.#.# #....#
#.#.#.# ##...#
###.#.#.# #...###
...#.#.# #.....#
..#.#.#
#...#.#######.#.#.#
#..........<..#S#.#
#.#...####....@.#.#
###.................#
...#####.>......#####
##.# ########.# #.#
#.# #.# #.# ##.# #.#
...# #.# #### #.#


You could see a water moccasin.

Vanquished Creatures
  Ijyb (D:3)
  Jessica (D:3)
  Natasha (thrice) (D:2)
  An orc wizard (D:3)
  Robin (D:3)
  3 adders
  A dart slug (D:1)
  2 ribbon worms
  6 orcs
  9 ball pythons
  4 endoplasms
  20 goblins
  14 hobgoblins
  8 kobolds
  2 quokkas
  7 bats
  4 frilled lizards
  4 rats (D:1)
91 creatures vanquished.

Notes
Turn   | Place    | Note
-------+----------+-------------------------------------------
     0 | D:1      | grandjackal the Demonspawn Gladiator began the quest for
                  | the Orb.
     0 | D:1      | Reached XP level 1. HP: 16/16 MP: 1/1
    82 | D:1      | Found Uhennan's Weapon Shoppe.
   190 | D:1      | Gained mutation: You have sharp fingernails. [demonic
                  | ancestry]
   190 | D:1      | Reached XP level 2. HP: 22/22 MP: 2/2
   439 | D:1      | Reached skill level 1 in Unarmed Combat
   625 | D:1      | Reached XP level 3. HP: 20/28 MP: 3/3
  1143 | D:2      | Noticed Natasha
  1184 | D:2      | Killed Natasha
  1185 | D:2      | Reached skill level 2 in Unarmed Combat
  1303 | D:2      | Reached XP level 4. HP: 34/34 MP: 4/4
  1547 | D:2      | Noticed Natasha
  1554 | D:2      | Killed Natasha
  1795 | D:2      | Noticed Natasha
  1802 | D:2      | Killed Natasha
  1803 | D:2      | Reached skill level 3 in Unarmed Combat
  1803 | D:2      | Gained mutation: You have very sharp fingernails. [demonic
                  | ancestry]
  1803 | D:2      | Reached XP level 5. HP: 28/41 MP: 5/5
  2100 | D:3      | Noticed Robin
  2182 | D:3      | Killed Robin
  2287 | D:3      | Noticed Ijyb
  2298 | D:3      | Killed Ijyb
  2421 | D:3      | Noticed Jessica
  2427 | D:3      | Killed Jessica
  2622 | D:3      | Reached skill level 4 in Unarmed Combat
  2622 | D:3      | Reached XP level 6. HP: 48/48 MP: 6/6
  3192 | D:4      | Noticed a water moccasin
  3215 | D:4      | Slain by a water moccasin

Illustrated notes

Levels and vault maps discovered:
D:1:      lightli_arrival_isolated_outpost, layout_basic, serial_shops,
          shop_fountains, chequers_serial_rivers_room_b
D:2:      layout_basic, minmay_pentomino_u2, uniq_natasha
D:3:      layout_rooms, uniq_ijyb, uniq_jessica, uniq_robin
D:4:      layout_basic, uniq_grinder

Skill      XL: |  1  2  3  4  5 |
---------------+----------------+-----
Throwing       | 2 |  2.0
Dodging        | 3 |  3.0
Unarmed Combat | 1 2 3 4 |  4.1
Fighting       | 3 |  3.9
Axes           | |  2.8

Action                     |  1- 3 |  4- 6 || total
---------------------------+-------+-------++-------
  Melee: War axe           |   126 |   123 ||   249
         Punch             |       |     3 ||     3
         Unarmed           |       |    53 ||    53
  Throw: Throwing net      |       |     2 ||     2
 Armour: Leather armour    |    87 |   108 ||   195
         Skin              |       |     5 ||     5
         Ring mail         |       |    38 ||    38
  Dodge: Dodged            |   101 |   131 ||   232

Table legend: (Time is in decaauts)
 A = Elapsed time spent in this place.
 B = Non-inter-level travel time spent in this place.
 C = Inter-level travel time spent in this place.
 D = Time resting spent in this place.
 E = Time spent auto-exploring this place.
 F = Levels seen in this place.
 G = Mean time per level.
                   A        B        C        D        E       F      G
               +--------+--------+--------+--------+--------+-----+--------+
         Total |   3314 |   3244 |     70 |    429 |   2064 |   4 |  828.5 |
       Dungeon |   3314 |   3244 |     70 |    429 |   2064 |   4 |  828.5 |
               +--------+--------+--------+--------+--------+-----+--------+

Top non-repeatable levels by time:
     D:1: 1213 daAuts
     D:2: 1054 daAuts
     D:3: 740 daAuts
     D:4: 305 daAuts
